 Dungeon Crawl Stone Soup version 0.29-a0-819-g94b489e0ae (webtiles) character file.

Game seed: 9353800859519900920

8687 vineage the Warrior (level 11, -3/83 HPs)
             Began as a Gargoyle Fighter on July 6, 2022.
             Was an Elder of Okawaru.
             Slain by a two-headed ogre
             ... wielding a +0 giant club
              (24 damage)
             ... on level 10 of the Dungeon.
             The game lasted 00:11:26 (12438 turns).

vineage the Warrior (Gargoyle Fighter)             Turns: 12438, Time: 00:11:26

Health: -3/83      AC: 19    Str: 31    XL:     11   Next: 34%
Magic:  13/15      EV: 13    Int: 14    God:    Okawaru [****..]
Gold:   708        SH:  0    Dex:  9    Spells: 10/10 levels left

rFire   . . .      SeeInvis .   d - +5 dire flail (venom)
rCold   . . .      Faith    .   (shield currently unavailable)
rNeg    + + .      Spirit   .   F - +3 leather armour "Omuv" {rN+ Str+6 Stlth+}
rPois   ∞          Reflect  .   (no helmet)
rElec   +          Harm     .   i - +1 cloak
rCorr   .          Rampage  .   e - +0 pair of gloves
Will    +....                   (no boots)
Stlth   +++.......              w - amulet of regeneration
HPRegen 1.03/turn               f - ring of willpower
MPRegen 0.14/turn               z - +6 ring of intelligence

@: heroic, studying 2 skills
A: sickness immunity, AC +8, negative energy resistance 1, electricity
resistance, torment resistance 1, petrification resistance
a: Renounce Religion, Heroism, Finesse


You were on level 10 of the Dungeon.
You worshipped Okawaru.
Okawaru was greatly pleased with you.
You visited 2 branches of the dungeon, and saw 11 of its levels.

You collected 708 gold pieces.

Inventory:

Hand Weapons
 a - a +0 flail of protection
 d - a +5 dire flail of venom (weapon)
 m - a +0 vorpal falchion
 o - a +2 short sword of venom
Armour
 b - a +0 scale mail
 c - a +0 buckler
 e - a +0 pair of gloves (worn)
 i - a +1 cloak (worn)
 F - the +3 leather armour "Omuv" (worn) {rN+ Str+6 Stlth+}
   (You found it on level 10 of the Dungeon)

   Str:       It affects your strength (+6).
   rN:        It protects you from negative energy.
   Stlth:     It makes you more stealthy.
Jewellery
 f - a ring of willpower (left hand)
 t - an amulet of guardian spirit
 w - an amulet of regeneration (around neck)
 z - a +6 ring of intelligence (right hand)
 D - a ring of willpower
Wands
 j - a wand of iceblast (19)
 y - a wand of flame (40)
Scrolls
 p - a scroll of silence
 q - 5 scrolls of enchant armour
 s - a scroll of immolation
 u - 2 scrolls of brand weapon
 v - 2 scrolls of amnesia
 x - a scroll of fog
 E - a scroll of blinking
 G - a scroll of poison {unknown}
 H - a scroll of teleportation
Potions
 g - a potion of resistance {unknown}
 h - 2 potions of lignification {unknown}
 k - 2 potions of magic
 l - 3 potions of ambrosia
 n - a potion of haste {unknown}
 r - 3 potions of curing
 A - 2 potions of might
 B - a potion of flight {unknown}
 C - 2 potions of mutation {unknown}
 I - a potion of berserk rage


   Skills:
 * Level 16.0(21.0) Fighting
 + Level 5.6(10.6) Maces & Flails
 + Level 6.7(11.7) Armour
 - Level 3.2(8.2) Shields
 + Level 5.7 Invocations


You had 10 spell levels left.
You didn't know any spells.
Your spell library contained the following spells:

 Spells                   Type           Power      Damage    Failure   Level
 Sting                    Tmut/Pois      0%         1d3       30%         1
 Poisonous Vapours        Pois/Air       0%         N/A       43%         2
 Static Discharge         Conj/Air       0%         3-3/arc   43%         2
 Gell's Gravitas          Tloc           0%         N/A       67%         3
 Lesser Beckoning         Tloc           0%         N/A       67%         3
 Teleport Other           Tloc           0%         N/A       67%         3
 Dispel Undead            Necr           0%         3d6       97%         4
 Olgreb's Toxic Radiance  Pois           0%         N/A       97%         4
 Petrify                  Tmut/Erth      0%         N/A       97%         4
 Sticky Flame             Conj/Fire      0%         2d3       97%         4
 Metabolic Englaciation   Hex/Ice        0%         N/A       100%        5
 Statue Form              Tmut/Erth      Unusable   N/A       N/A         6

Dungeon Overview and Level Annotations

Branches:
Dungeon (10/15)            Temple (1/1) D:6            Lair (0/6) D:9
    Orc (0/2) D:9

Altars:
Ashenzari
Cheibriados
Dithmenos
Elyvilon
Fedhas
Gozag
Hepliaklqana
Kikubaaqudgha
Makhleb
Nemelex Xobeh
Okawaru
Qazlal
Ru
Sif Muna
Trog
Uskayaw
Vehumet
Wu Jian
Xom
Yredelemnul
Zin
The Shining One

Shops:
D:5 *


Innate Abilities, Weirdness & Mutations

You are immune to sickness and miasma.
Your stone body is resilient. (AC +8)
You are immune to poison.
You resist negative energy. (rN+)
You are resistant to electric shocks. (rElec)
You are resistant to unholy torment.
You are immune to petrification.


Message History

You kill the killer bee!
Okawaru accepts your kill.
No target in view!
No target in view!
No target in view!
No target in view!
No target in view!
No target in view!
No target in view!
No target in view!
No target in view!
No target in view!
You now have 708 gold pieces (gained 10).
Found an escape hatch in the ceiling.
There is an open door here.
I - a potion of berserk rage You open the door.
There is an open door here.
Items here: ))) [[.
There is an open door here.
You open the door.
There is an open door here.
There is an open door here.
Key pressed, stopping explore.
There is an open door here.
A two-headed ogre comes into view. It is wielding two +0 giant clubs.
The two-headed ogre shouts in stereo!
A two-headed ogre is nearby!
A two-headed ogre is nearby!
The two-headed ogre hits you with a +0 giant club! x2
You sock the two-headed ogre!
The two-headed ogre is poisoned.
The two-headed ogre is lightly wounded.
The two-headed ogre hits you with a +0 giant club!!
The two-headed ogre hits you with a +0 giant club!
* * * LOW HITPOINT WARNING * * *
A troll comes into view.
The troll shouts!
You gain the combat prowess of a mighty hero.
The two-headed ogre hits you with a +0 giant club!!
You die...

.....# #.##......# .....#
#.....###.........# .....# #.....
...........# .....#
#T##.###.###.####.# ..#..#
#####......#.#........#
..#..######........#.#.###......#
.....#....#........#.....#...#..#
.....#....#....O...###.#.#...#..#
.###.#....#.....@...............#
.# #.'....########.###.#.#.#....#
.###.#.............#.....#.#.##.#
.....#.............#.#.###.#.. .#
.....#############...#.# ..#....#
...#### #........###.###......
...#..# #.....#..........####.#
...#..# #.....#....#...#.# .#
...#..# #..........#...#


You could see a two-headed ogre (very poisoned) and a troll.

Vanquished Creatures
  Maggie (D:7)
  A kobold demonologist (D:10)
  Psyche (D:8)
  A troll (D:9)
  A hornet (D:9)
  Sigmund (D:2)
  A wyvern (D:8)
  10 yaks
  A steam dragon (D:6)
  Edmund (D:4)
  2 wargs (D:8)
  2 acid dragons
  3 water moccasins
  2 black bears
  2 ice beasts (D:6)
  5 orc warriors
  3 wolves (D:9)
  A centaur (D:7)
  3 phantoms
  5 kobold brigands
  4 bullfrogs
  3 necrophages
  5 scorpions
  4 gnoll sergeants
  3 wights (D:8)
  8 killer bees (D:10)
  An oklob sapling (D:6)
  3 howler monkeys
  4 electric eels (D:9)
  7 hounds
  A lava snake (D:7)
  2 jellies (D:6)
  7 orc priests
  Jessica (D:2)
  5 iguanas
  5 orc wizards
  12 gnolls
  10 adders
  5 white imps
  2 ufetubi (D:5)
  2 worms
  A dart slug (D:1)
  29 orcs
  3 endoplasms
  5 giant cockroaches
  6 goblins
  6 hobgoblins
  11 jackals
  5 quokkas
  11 ball pythons
  2 bats (D:2)
  8 frilled lizards
  23 kobolds
  7 rats
258 creatures vanquished.

Vanquished Creatures (others)
  9 plants
9 creatures vanquished.

Grand Total: 267 creatures vanquished

Notes
Turn   | Place    | Note
-------+----------+-------------------------------------------
     0 | D:1      | vineage the Gargoyle Fighter began the quest for the Orb.
     0 | D:1      | Reached XP level 1. HP: 14/14 MP: 1/1
   113 | D:1      | Reached XP level 2. HP: 19/20 MP: 2/2
   115 | D:1      | Reached skill level 4 in Fighting
   636 | D:1      | Reached XP level 3. HP: 24/24 MP: 3/3
  1081 | D:2      | Noticed Jessica
  1085 | D:2      | Killed Jessica
  1086 | D:2      | Reached skill level 5 in Fighting
  1086 | D:2      | Reached XP level 4. HP: 31/31 MP: 4/4
  1288 | D:2      | Noticed Sigmund
  1299 | D:2      | Killed Sigmund
  1300 | D:2      | Reached skill level 7 in Fighting
  1300 | D:2      | Reached XP level 5. HP: 10/38 MP: 5/5
  1300 | D:2      | Reached XP level 6. HP: 11/44 MP: 6/6
  1980 | D:3      | Reached skill level 8 in Fighting
  2382 | D:3      | Found a radiant altar of Vehumet.
  2759 | D:4      | Noticed a yak
  2759 | D:4      | Noticed a yak
  2760 | D:4      | Noticed a yak
  2761 | D:4      | Noticed a yak
  2765 | D:4      | Noticed a yak
  2766 | D:4      | Noticed a yak
  2786 | D:3      | Reached XP level 7. HP: 30/50 MP: 7/7
  3278 | D:4      | Reached skill level 9 in Fighting
  3293 | D:4      | Noticed Edmund
  3312 | D:4      | Killed Edmund
  3565 | D:4      | Killed a yak
  3566 | D:4      | Reached skill level 10 in Fighting
  3566 | D:4      | Reached XP level 8. HP: 44/57 MP: 8/8
  3569 | D:4      | Killed a yak
  3571 | D:4      | Killed a yak
  3572 | D:4      | Reached skill level 11 in Fighting
  3577 | D:4      | Killed a yak
  3579 | D:4      | Killed a yak
  3584 | D:4      | Killed a yak
  3585 | D:4      | Reached skill level 12 in Fighting
  4174 | D:5      | Entered Level 5 of the Dungeon
  4212 | D:4      | Reached XP level 9. HP: 29/66 MP: 9/9
  4674 | D:5      | Found Zurchan's General Store.
  4684 | D:5      | Found an ornate altar of the Wu Jian Council.
  4829 | D:5      | Found a hazy altar of Hepliaklqana.
  4870 | D:5      | Reached skill level 13 in Fighting
  4943 | D:5      | Found a shimmering blue altar of Sif Muna.
  5531 | D:6      | Found a staircase to the Ecumenical Temple.
  5549 | Temple   | Entered the Ecumenical Temple
  5767 | Temple   | Became a worshipper of Warmaster Okawaru
  6352 | D:6      | Reached skill level 14 in Fighting
  6695 | D:6      | Reached skill level 1 in Invocations
  6883 | D:6      | Reached * piety under Okawaru
  7422 | D:6      | Reached XP level 10. HP: 76/76 MP: 11/11
  7431 | D:6      | Found a burning altar of Makhleb.
  7791 | D:7      | Noticed Maggie
  7802 | D:7      | Killed Maggie
  8519 | D:7      | Reached skill level 5 in Armour
  8827 | D:7      | Found a stormy altar of Qazlal.
  9160 | D:8      | Reached ** piety under Okawaru
  9322 | D:8      | Reached skill level 15 in Fighting
  9470 | D:8      | Noticed Psyche
  9477 | D:8      | Killed Psyche
  9920 | D:9      | Found a staircase to the Orcish Mines.
 10334 | D:9      | Reached *** piety under Okawaru
 10711 | D:9      | Reached skill level 5 in Maces & Flails
 10841 | D:9      | Reached XP level 11. HP: 67/82 MP: 12/14
 10845 | D:9      | Found a staircase to the Lair.
 10855 | D:9      | Reached skill level 5 in Invocations
 11321 | D:9      | Found a sparkling altar of Nemelex Xobeh.
 11605 | D:10     | Entered Level 10 of the Dungeon
 11914 | D:10     | Reached **** piety under Okawaru
 12040 | D:10     | Identified the +3 leather armour "Omuv" {rN+ Str+6 Stlth+}
 12051 | D:10     | Reached skill level 16 in Fighting
 12434 | D:10     | Noticed a two-headed ogre
 12438 | D:10     | Slain by a two-headed ogre

Illustrated notes

Levels and vault maps discovered:
D:1:      wander_arrival_desolate, layout_rooms, chequers_serial_rivers_micro_c,
          lexackson_kobold_supper
D:2:      layout_basic, uniq_sigmund, uniq_jessica
D:3:      layout_rooms, lemuel_tele_altar, saegor_snake_ambush
D:4:      layout_rooms, guppyfry_early_lair_pool, uniq_edmund
D:5:      layout_cave_pools, amcnicky_altar_gilded,
          nicolae_wu_jian_wuxing_cycle, overflow_temple_1_default, serial_shops,
          nicolae_take_the_stairs, minmay_manual_macuahuitl
D:6:      minmay_chambers_of_fours, layout_basic, kennysheep_mini_moat,
          minmay_temple_entry_oklob, minmay_diced_spiral
D:7:      layout_basic, nicolae_qazlal_general_emergency,
          chequers_serial_rivers_small_b, mrwooster_statue_mirror,
          amcnicky_mini_pool_medium, uniq_maggie
D:8:      layout_cave_pools, patterned_corridor, uniq_psyche
D:9:      layout_cave_pods, nemelex_xobeh_ov_fountains_minmay, erik_lair_island,
          david_orc_3, minmay_unpleasant_kobolds
D:10:     layout_stronghold, minmay_misc_feat_roman
Temple:   regret_index_temple_waves

Skill      XL: |  1  2  3  4  5  6  7  8  9 10 11 |
---------------+----------------------------------+-----
Fighting       | 4 5 7 8 10 12 14 15 16 | 16.0
Invocations    | 2 4 5 |  5.7
Armour         | 4 6 |  6.7
Maces & Flails | 3 5 |  5.6
Shields        | |  3.2

Action                   |  1- 3 |  4- 6 |  7- 9 | 10-12 || total
-------------------------+-------+-------+-------+-------++-------
Melee: Flail             |    94 |   112 |       |       ||   206
       Short sword       |       |    29 |    38 |       ||    67
       Falchion          |       |     8 |       |       ||     8
       Dire flail        |       |       |   228 |   345 ||   573
Invok: Heroism           |       |       |       |     5 ||     5
  Use: Scroll            |     2 |     7 |     6 |     5 ||    20
       Potion            |       |     3 |     1 |     2 ||     6
Armor: Scale mail        |   101 |   114 |   191 |   225 ||   631
       Leather armour    |       |       |       |    15 ||    15
Dodge: Dodged            |    59 |    76 |   155 |   247 ||   537
Block: Buckler           |    25 |    25 |     3 |       ||    53

Table legend: (Time is in decaauts)
 A = Elapsed time spent in this place.
 B = Non-inter-level travel time spent in this place.
 C = Inter-level travel time spent in this place.
 D = Time resting spent in this place.
 E = Time spent auto-exploring this place.
 F = Levels seen in this place.
 G = Mean time per level.
                   A        B        C        D        E       F      G
               +--------+--------+--------+--------+--------+-----+--------+
         Total |  12636 |  12241 |    395 |   2877 |   7470 |  11 | 1148.7 |
       Dungeon |  12376 |  12043 |    333 |   2877 |   7290 |  10 | 1237.6 |
        Temple |    260 |    199 |     61 |      0 |    180 |   1 |  260.0 |
               +--------+--------+--------+--------+--------+-----+--------+

Top non-repeatable levels by time:
     D:6: 1834 daAuts
     D:3: 1502 daAuts
     D:7: 1476 daAuts
     D:9: 1363 daAuts
     D:4: 1244 daAuts
     D:8: 1224 daAuts
     D:1: 1112 daAuts
     D:5: 1051 daAuts
    D:10: 831 daAuts
     D:2: 735 daAuts
  Temple: 260 daAuts
